 Dungeon Crawl Stone Soup version 0.24-a0-422-g9eff3895ba (webtiles) character file.

Game seed: 14262152739765054972

9245 Gumption the Grappler (level 11, -6/96 HPs)
             Began as a Troll Fighter on June 12, 2019.
             Was a Believer of Hepliaklqana.
             Mangled by an ice beast (10 damage)
             ... summoned by an ice statue
             ... in an ice cave.
             The game lasted 01:03:49 (9051 turns).

Gumption the Grappler (Troll Fighter)               Turns: 9051, Time: 01:03:50

Health: -6/96      AC:  9    Str: 26    XL:     11   Next: 20%
Magic:  10/10      EV: 11    Int:  4    God:    Hepliaklqana [**....]
Gold:   308        SH: 18    Dex: 12    Spells: 10/10 levels left

rFire    . . .     SeeInvis .     - Unarmed
rCold    . . .     Gourm    +   E - +0 large shield
rNeg     . . .     Faith    .   o - +0 robe
rPois    .         Spirit   .   F - +2 hat
rElec    .         Reflect  .   t - +0 cloak
rCorr    .         Harm     .   (gloves unavailable)
MR       .....                  (boots unavailable)
Stlth    +.........             (no amulet)
HPRegen  0.66/turn              (no ring)
MPRegen  0.12/turn              (no ring)

@: no status effects
A: large, unfitting armour, reduced essence, claws 3, fast metabolism 3,
gourmand, regeneration 1, shaggy fur 1, tough skin 3
a: Recall Ancestor, Ancestor Identity, Renounce Religion


You were in an ice cave.
You worshipped Hepliaklqana.
Hepliaklqana was pleased with you.
You were not hungry.

You visited 1 branch of the dungeon, and saw 11 of its levels.
You also visited: Ice Cave.

You collected 481 gold pieces.
You spent 173 gold pieces at shops.

Inventory:

Hand Weapons
 a - a +0 hunting sling
Missiles
 d - 70 sling bullets
 i - 177 stones
 l - 5 javelins (quivered)
 Q - a throwing net
Armour
 o - a +0 robe (worn)
 t - a +0 cloak (worn)
 E - a +0 large shield (worn)
 F - a +2 hat (worn)
Magical Staves
 S - an uncursed staff of cold
Jewellery
 s - an uncursed ring of flight
 O - an uncursed amulet of the gourmand {unknown}
Wands
 k - a wand of digging (7)
 r - a wand of enslavement (2)
 y - a wand of polymorph (18)
 A - a wand of clouds (7)
 G - a wand of paralysis (13)
 I - a wand of iceblast (8)
Scrolls
 b - a scroll of immolation {unknown}
 f - a scroll of amnesia {unknown}
 g - a scroll of noise {unknown}
 h - 2 scrolls of magic mapping
 n - 5 scrolls of remove curse
 q - 5 scrolls of enchant armour
 w - 4 scrolls of teleportation
 C - a scroll of vulnerability {unknown}
 L - a scroll of fog {unknown}
 N - a scroll of enchant weapon {unknown}
 P - 2 scrolls of fear {unknown}
Potions
 c - a potion of might
 j - a potion of berserk rage
 m - 2 potions of lignification
 p - a potion of cancellation
 u - 3 potions of ambrosia
 v - 2 potions of magic
 B - 3 potions of flight
 D - 3 potions of brilliance
 H - a potion of heal wounds {unknown}
 J - a potion of invisibility {unknown}
 K - a potion of agility {unknown}
 M - 2 potions of haste
 R - a potion of mutation {unknown}
 U - a potion of curing
Miscellaneous
 T - a lamp of fire (inert)
Comestibles
 e - 27 rations


   Skills:
 + Level 6.4 Fighting
 + Level 1.0 Throwing
 + Level 6.5 Dodging
 * Level 9.0 Shields
 * Level 10.3 Unarmed Combat


You had 10 spell levels left.
You didn't know any spells.
Your spell library contained the following spells:

 Spells                   Type           Power        Failure   Level  Hunger
 Corona                   Hex            #......      91%         1    ##.....
 Slow                     Hex            #.......     97%         2    ###....
 Inner Flame              Hex/Fire       #.......     99%         3    ####...
 Portal Projectile        Hex/Tloc       #.....       99%         3    ####...
 Cause Fear               Hex            #.........   100%        4    #####..
 Leda's Liquefaction      Hex/Erth       #.........   100%        4    #####..


Dungeon Overview and Level Annotations

Branches:
Dungeon (11/15)            Temple (0/1) D:6            Lair (0/6) D:11
    Orc (0/2) D:9

Altars:
Cheibriados
Dithmenos
Elyvilon
Hepliaklqana
Kikubaaqudgha
Makhleb
Okawaru
Ru
Vehumet
Wu Jian
Xom
Yredelemnul
Zin
The Shining One

Shops:
D:7 =*[[!   D:8 :

Annotations:
D:11 1 transporter IceCv exclusion: ice statue


Innate Abilities, Weirdness & Mutations

You are too large for most types of armour.
You have claws for hands.
Your metabolism is lightning-fast.
You like to eat raw meat.
Your natural rate of healing is unusually fast.
You are covered in fur. (AC +1)
You have extremely tough skin. (AC +3)
Your life essence is reduced to manifest your ancestor. (-10% HP)


Message History

You claw the ice beast!
The ice beast is heavily wounded.
You block the ice beast's attack. The ice beast barely misses you.
You barely miss the ice beast.
The ice beast is heavily wounded.
You block the ice beast's attack.
You claw the ice beast!
The ice beast is almost dead.
You block the ice beast's attack. The ice beast hits you.
* * * LOW HITPOINT WARNING * * *
The ice beast freezes you!
* * * LOW HITPOINT WARNING * * *
The ice beast hits you.
* * * LOW HITPOINT WARNING * * *
The ice beast freezes you.
* * * LOW HITPOINT WARNING * * *
The ice beast misses you. The ice beast hits you.
* * * LOW HITPOINT WARNING * * *
The ice beast freezes you!
You die...

#####
##...##
##..Y..##
#...Y@..#
#...∩...#
##.....##
##...##
##...#
#...##
#...##
##...##
##...#


You could see 2 ice beasts.

Vanquished Creatures
  Pikel (D:5)
  An ice statue (IceCv)
  A troll (D:10)
  Grinder (D:4)
  Prince Ribbit (D:9)
  3 hippogriffs
  6 yaks
  3 hogs (D:7)
  A human (D:7)
  4 wargs (D:9)
  Edmund (D:6)
  2 sky beasts
  5 ice beasts
  A hornet zombie (D:10)
  3 orc warriors
  2 phantoms
  A black bear (D:9)
  4 ogres
  Blork the orc (D:4)
  3 bullfrogs
  A scorpion (D:10)
  6 killer bees (D:9)
  5 howler monkeys
  2 crimson imps
  4 hounds
  A centaur skeleton (D:8)
  A centaur zombie (D:6)
  A jelly (D:10)
  An orc wizard (D:10)
  2 orc priests (D:8)
  Jessica (D:2)
  3 bullfrog skeletons
  3 iguanas
  Ijyb (D:4)
  7 worker ants
  A hound skeleton (D:5)
  A howler monkey zombie (D:10)
  A worker ant zombie (D:6)
  4 gnolls
  14 adders
  A howler monkey skeleton (D:3)
  A shadow imp (D:7)
  5 white imps (IceCv)
  4 ufetubi (IceCv)
  An ooze (D:3)
  An adder skeleton (D:4)
  3 worms
  3 dart slugs
  5 leopard geckos
  28 orcs
  5 bats
  6 giant cockroaches
  4 hobgoblins
  6 jackals
  9 kobolds
  5 quokkas
  A ball python (D:5)
  16 frilled lizards
  11 goblins
  A jackal skeleton (D:4)
  A quokka skeleton (D:8)
  7 rats
  A spectral orc (D:5)
230 creatures vanquished.

Vanquished Creatures (collateral kills)
  Erolcha (D:10)
  A troll (D:10)
  A yak (D:10)
  4 ice beasts (D:11)
  A sky beast (D:11)
  A big kobold (D:9)
  A water moccasin zombie (D:8)
  A howler monkey (D:8)
  A jelly (D:9)
  2 orc priests
  An iguana (D:9)
  2 orc wizards (D:8)
  A worker ant (D:7)
  An adder (D:10)
  A white imp (IceCv)
  An ufetubus (IceCv)
  A leopard gecko (D:6)
  2 orcs
  A kobold (D:9)
25 creatures vanquished.

Vanquished Creatures (others)
  A slave (D:5)
  3 hexers
  An ancestor (D:6)
  2 white imps (IceCv)
  4 ufetubi (IceCv)
  3 orcs (D:3)
14 creatures vanquished.

Grand Total: 269 creatures vanquished

Notes
Turn   | Place    | Note
-------+----------+-------------------------------------------
     0 | D:1      | Gumption the Troll Fighter began the quest for the Orb.
     0 | D:1      | Reached XP level 1. HP: 22/22 MP: 0/0
   379 | D:1      | Reached XP level 2. HP: 29/29 MP: 1/1
  1010 | D:1      | Reached XP level 3. HP: 36/36 MP: 2/2
  1217 | D:2      | Reached skill level 3 in Unarmed Combat
  1217 | D:2      | Reached XP level 4. HP: 28/44 MP: 3/3
  1404 | D:2      | Reached XP level 5. HP: 50/52 MP: 4/4
  1431 | D:2      | Noticed Jessica
  1441 | D:2      | Killed Jessica
  1562 | D:3      | Found a shadowy altar of Dithmenos.
  1764 | D:3      | Found a radiant altar of Vehumet.
  1847 | D:3      | Found an ornate altar of the Wu Jian Council.
  2225 | D:4      | Noticed Grinder
  2250 | D:4      | Killed Grinder
  2250 | D:4      | Reached skill level 4 in Unarmed Combat
  2250 | D:4      | Reached XP level 6. HP: 55/61 MP: 5/5
  2324 | D:4      | Noticed Ijyb
  2515 | D:4      | Noticed Blork the orc
  2555 | D:4      | Killed Blork the orc
  2555 | D:4      | Reached XP level 7. HP: 53/67 MP: 6/6
  2799 | D:4      | Reached skill level 5 in Unarmed Combat
  3135 | D:4      | Killed Ijyb
  3269 | D:5      | Entered Level 5 of the Dungeon
  3271 | D:5      | Noticed Pikel
  3281 | D:5      | Killed Pikel
  3281 | D:5      | Reached skill level 5 in Shields
  3281 | D:5      | Reached skill level 6 in Unarmed Combat
  3281 | D:5      | Reached XP level 8. HP: 59/78 MP: 7/7
  3366 | D:5      | Found a basalt altar of Yredelemnul.
  3649 | D:5      | Found a glowing silver altar of Zin.
  3656 | D:5      | Found a sacrificial altar of Ru.
  3769 | D:6      | Found a white marble altar of Elyvilon.
  3769 | D:6      | Found a hazy altar of Hepliaklqana.
  3769 | D:6      | Found a glowing golden altar of the Shining One.
  3770 | D:6      | Found a shimmering altar of Xom.
  3771 | D:6      | Noticed Edmund
  3782 | D:6      | Killed Edmund
  3801 | D:6      | Found a snail-covered altar of Cheibriados.
  3854 | D:6      | Became a worshipper of Hepliaklqana the Forgotten
  4204 | D:6      | Reached skill level 7 in Unarmed Combat
  4254 | D:6      | Found a staircase to the Ecumenical Temple.
  4676 | D:7      | Found Omuitirch's Jewellery Shoppe.
  4767 | D:7      | Found an ancient bone altar of Kikubaaqudgha.
  4809 | D:7      | Noticed a hippogriff
  4817 | D:7      | Killed a hippogriff
  4817 | D:7      | Reached XP level 9. HP: 56/76 MP: 8/8
  4896 | D:7      | Found Nigekhoi's Assorted Antiques.
  4910 | D:7      | Found Huoqelon's Armour Shop.
  4926 | D:7      | Reached * piety under Hepliaklqana
  4941 | D:7      | Found Orinel's Armour Emporium.
  5039 | D:7      | Reached skill level 5 in Fighting
  5039 | D:7      | Reached skill level 5 in Dodging
  5042 | D:7      | Reached skill level 8 in Unarmed Combat
  5247 | D:7      | Found Osim's Distillery.
  5252 | D:7      | Bought a potion of degeneration for 13 gold pieces
  5265 | D:7      | Found an iron altar of Okawaru.
  5929 | D:7      | Bought a +2 hat for 160 gold pieces
  6148 | D:8      | Found Gyddeeli's Book Shoppe.
  6419 | D:9      | Found an ancient bone altar of Kikubaaqudgha.
  6432 | D:9      | Reached ** piety under Hepliaklqana
  6433 | D:9      | Remembered your ancestor Ealamassi as a hexer
  6775 | D:9      | Noticed Prince Ribbit
  6778 | D:9      | Reached XP level 10. HP: 86/86 MP: 9/9
  6806 | D:9      | Killed Prince Ribbit
  6836 | D:9      | Reached skill level 9 in Unarmed Combat
  6942 | D:9      | Found a staircase to the Orcish Mines.
  7177 | D:9      | Found a burning altar of Makhleb.
  7251 | D:10     | Entered Level 10 of the Dungeon
  7279 | D:10     | Noticed Erolcha
  7593 | D:9      | Found a burning altar of Makhleb.
  7654 | D:9      | Found a staircase to the Orcish Mines.
  7717 | D:9      | Found an ancient bone altar of Kikubaaqudgha.
  8099 | D:10     | Killed Erolcha
  8149 | D:10     | Reached skill level 10 in Unarmed Combat
  8312 | D:10     | Reached XP level 11. HP: 68/94 MP: 10/10
  8648 | D:11     | Found a transporter.
  8668 | D:11     | Found a frozen archway.
  8702 | IceCv    | Entered an ice cave
  8782 | IceCv    | Reached skill level 1 in Throwing
  9050 | IceCv    | HP: 4/96 [ice beast[an ice statue] (5)]
  9051 | IceCv    | Mangled by an ice beast

Levels and vault maps discovered:
D:1:      wander_arrival_peaceful_grave, layout_loops_corners,
          minmay_misc_feat_doors, grunt_decor_mini_mirrors
D:2:      layout_loops_cross, minmay_lizard_pond, uniq_jessica
D:3:      layout_loops_ring, fiery_altar_vehumet, lemuel_round_altar,
          first_ration, nicolae_dithmenos_through_a_glass_darkly
D:4:      layout_cave_pods, chequers_serial_rivers_room_a, uniq_blork_the_orc,
          uniq_ijyb, uniq_grinder
D:5:      layout_rooms, yredelemnul_forgotten_temple_becter,
          amethyst_overflow_temple_binary, uniq_pikel
D:6:      layout_loops_cross, grunt_temple_overflow_open,
          minmay_temple_entry_glassed_door, uniq_edmund
D:7:      layout_basic, lemuel_zombie_altar_kikubaaqudgha, kennysheep_mini_moat,
          serial_shops, nicolae_shop_competitors_out_of_business, shop,
          kennysheep_little_box, shop_fountains,
          nicolae_shop_competitors_out_of_business, st_stairs_14,
          grunt_livestock
D:8:      layout_basic, serial_shops, shop
D:9:      layout_loops_cross, marbit_many_paths, minmay_orc_entry_guard_dogs,
          basic_altar, uniq_prince_ribbit1
D:10:     layout_cave_pools, uniq_erolcha
D:11:     layout_roguey, dpeg_lair_monsters, portal_ice_cave_entry_ice_beasts,
          gammafunk_ghost_mausoleum
IceCv:    ice_cave_small_demon

Skill      XL: |  1  2  3  4  5  6  7  8  9 10 11 |
---------------+----------------------------------+-----
Shields        | 3 4 5 6 7 8 9 |  9.0
Unarmed Combat | 3 4 6 7 8 10 | 10.3
Dodging        | 3 4 5 6 |  6.5
Fighting       | 3 4 5 6 |  6.4
Throwing       | 1 |  1.0

Action                   |  1- 3 |  4- 6 |  7- 9 | 10-12 || total
-------------------------+-------+-------+-------+-------++-------
Melee: Unarmed           |    92 |   115 |   279 |   239 ||   725
 Fire: Hunting sling     |       |    16 |    12 |       ||    28
Throw: Javelin           |       |       |     2 |     3 ||     5
Invok: Recall Ancestor   |       |       |     1 |     2 ||     3
       Ancestor Life: He |       |       |     1 |       ||     1
Evoke: Wand              |       |     8 |     9 |     4 ||    21
       Lamp of fire      |       |       |       |     1 ||     1
  Use: Scroll            |       |     4 |     7 |     2 ||    13
       Potion            |       |       |     2 |     2 ||     4
 Stab: Sleeping          |     2 |     1 |     2 |       ||     5
       Confused          |       |     1 |       |       ||     1
       Distracted        |       |       |     1 |     1 ||     2
  Eat: Chunk             |    17 |    11 |    40 |    16 ||    84
Armor: Robe              |    24 |    25 |    56 |    62 ||   167
       Skin              |       |       |       |     7 ||     7
Dodge: Dodged            |    20 |    30 |    68 |    74 ||   192
Block: Shield            |    42 |    27 |    65 |       ||   134
       Large shield      |       |       |    95 |   279 ||   374

Table legend:
 A = Non-vault XP
 B = Vault XP
 C = Vault XP percentage of total XP
 D = Non-vault monster count
 E = Vault monster count
 F = Vault count percentage of total count
                 A         B        C        D         E       F
            +---------+---------+-------+---------+---------+-------
      Total |    7360 |    5848 |  44.3 |     206 |      49 |  19.2
            +---------+---------+-------+---------+---------+-------
        D:1 |      32 |       0 |   0.0 |      14 |       0 |   0.0
        D:2 |     155 |      46 |  22.9 |      27 |      10 |  27.0
        D:3 |      93 |       0 |   0.0 |      25 |       0 |   0.0
        D:4 |     277 |     412 |  59.8 |      15 |       3 |  16.7
        D:5 |     379 |     707 |  65.1 |      16 |       2 |  11.1
        D:6 |     504 |     162 |  24.3 |      16 |       1 |   5.9
        D:7 |     583 |     997 |  63.1 |      12 |       6 |  33.3
        D:8 |     728 |       0 |   0.0 |      25 |       0 |   0.0
        D:9 |    1689 |     922 |  35.3 |      29 |       6 |  17.1
       D:10 |    2791 |     993 |  26.2 |      26 |       1 |   3.7
       D:11 |     129 |    1048 |  89.0 |       1 |       8 |  88.9
      IceCv |       0 |     561 | 100.0 |       0 |      12 | 100.0
            +---------+---------+-------+---------+---------+-------
